Map: Odyssey LE

Players

Winthrowe - Winner!

  • Race: Zerg Zerg
  • League: Silver
  • Spawn Location: 11:00

firatatat

  • Race: Terran Terran
  • Spawn Location: 5:00

VOD

Have the link to the VOD?

Description

Time

  • Played on: Sept. 4, 2017, 12:15 a.m.
  • Length: 9:42
Show
View Real Time Build Order
Export as new Build Order

Winthrowe Zerg - Winner!

Build Orders: Pool First 

Get SALT Encoding   

  12  0:02  Drone  
  13  0:11  Drone  
  14  0:19  Overlord  
  14  0:36  Spawning Pool  
  14  0:40  Extractor  
  13  0:42  Drone  
  13  0:53  Drone  
  13  0:54  Drone  
  15  1:05  Drone x2  
  17  1:16  Drone  
  18  1:29  Queen  
  18  1:32  Drone  
  21  1:43  Metabolic Boost  
  21  2:09  Overlord  
  21  2:10  Hatchery, Queen  
  21  2:14  Overlord  
  22  2:29  Drone x2  
  24  2:33  Drone  
  25  3:01  Drone x5  
  30  3:25  Extractor  
  29  3:45  Zergling x8  
  29  3:46  Zergling x6  
  36  3:50  Overlord  
  36  4:04  Drone x2  
  38  4:14  Roach Warren  
  37  4:53  Roach  
  37  4:54  Roach x6  
  37  4:55  Overlord x2  
  37  4:56  Overlord x2  
  37  4:57  Overlord  
  51  5:12  Queen x2  
  57  5:42  Roach  
  57  5:43  Roach x12  
  57  5:48  Queen  
  83  5:59  Roach x2  
  83  6:00  Roach  
  89  6:09  Lair  
  89  6:13  Evolution Chamber  
  89  6:15  Evolution Chamber  
  87  6:21  Extractor  
  87  6:23  Roach  
  87  6:24  Extractor, Roach x2  
  91  6:30  Overlord x2  
  91  6:31  Overlord  
  91  6:52  Drone  
  91  6:53  Drone x6  
  98  7:10  Glial Reconstitution  
  98  7:14  Zerg Missile Weapons Level 1, Zerg Ground Armor Level 1  
  98  7:56  Roach  
  98  7:57  Roach x8  
  116  8:09  Spire  
  92  8:51  Roach x6  
  92  8:52  Roach x3  
Show
View Real Time Build Order
Export as new Build Order

firatatat Terran 

Build Orders:  

Get SALT Encoding   

  12  0:02  SCV  
  13  0:15  SCV  
  14  0:24  Supply Depot  
  14  0:27  SCV  
  15  0:35  Refinery  
  15  0:45  SCV  
  16  0:58  SCV  
  16  1:00  Barracks  
  17  1:10  SCV  
  18  1:22  SCV  
  19  1:34  SCV  
  20  1:46  Supply Depot  
  20  1:49  Marine  
  21  2:02  Command Center  
  21  2:06  Marine  
  21  2:07  SCV  
  21  2:08  Supply Depot  
  23  2:24  Marine  
  24  2:42  Marine  
  24  2:43  Bunker  
  25  2:50  SCV  
  26  3:00  Marine  
  26  3:02  SCV  
  28  3:06  Engineering Bay  
  28  3:14  Factory, Bunker, SCV  
  28  3:16  SCV  
  28  3:18  Marine  
  31  3:26  SCV  
  32  3:28  SCV  
  33  3:35  Marine  
  33  3:39  Refinery  
  34  3:48  SCV  
  34  3:54  Refinery  
  35  4:00  SCV  
  36  4:07  Missile Turret  
  36  4:13  SCV  
  37  4:22  Terran Infantry Weapons Level 1  
  37  4:25  SCV, Factory Tech Lab  
  37  4:26  Barracks Reactor  
  37  4:30  Missile Turret  
  38  4:37  SCV  
  39  4:49  SCV  
  40  4:56  Siege Tank  
  43  5:08  Marine x2  
  45  5:17  Starport  
  45  5:25  Supply Depot  
  45  5:26  Marine x2  
  47  5:29  Siege Tank  
  47  5:34  SCV  
  51  5:44  Marine x2  
  51  5:46  SCV  
  51  5:47  Factory  
  54  5:58  SCV  
  54  6:01  Siege Tank, Barracks  
  54  6:02  Marine x2  
  60  6:10  SCV  
  61  6:11  Armory  
  61  6:16  Terran Infantry Armor Level 1  
  61  6:22  SCV  
  62  6:54  Supply Depot  
  62  7:03  Supply Depot  
  62  7:16  SCV  
  62  7:17  Supply Depot  
  62  7:19  Missile Turret  
  63  7:26  Supply Depot  
  63  7:28  SCV  
  63  7:29  Bunker  
  64  7:36  Cyclone  
  67  7:40  Marine x2, Supply Depot, Missile Turret, SCV  
  70  7:45  Barracks Tech Lab  
  70  7:49  Supply Depot  
  70  7:52  SCV  
  70  7:57  Hellion  
  70  7:58  Marine x2  
  75  8:06  Marauder  
  75  8:08  Cyclone  
  80  8:16  Marine x2  
  80  8:18  Cyclone  
  85  8:28  Marauder  
  85  8:34  Marine x2  
  87  8:41  Cyclone  
  76  8:49  Marauder  
  76  8:50  Cyclone  
  48  9:12  Marine  
  48  9:13  Marine  
Tags
 
League
Silver
Matchup
TvZ
Opening
Pool First
Spawn Locations
Cross Positions
Add a new tag
Caveats
  • Supply blocks, unpowered buildings, or Contaminate may cause inaccurate times.
  • Supply counts are checked every 10 seconds.